 Dungeon Crawl Stone Soup version 0.28.0-1-gb440e238dd (webtiles) character file.

Game seed: 16986431226954582355

1 zeram the Shield-Bearer (level 1, 0/12 HPs)
             Began as a Gargoyle Wanderer on Feb 23, 2022.
             Slain by a gnoll (3 damage)
             ... on level 1 of the Dungeon.
             The game lasted 00:00:40 (247 turns).

zeram the Shield-Bearer (Gargoyle Wanderer)          Turns: 247, Time: 00:00:40

Health: 0/12       AC:  5    Str: 14    XL:     1   Next: 20%
Magic:  2/2        EV: 10    Int: 12    God:
Gold:   0          SH:  7    Dex: 10    Spells: 1/2 levels left

rFire   . . .      SeeInvis .   a - +0 club
rCold   . . .      Faith    .   d - +2 buckler
rNeg    + . .      Spirit   .   c - +0 leather armour
rPois   ∞          Reflect  .   (no helmet)
rElec   +          Harm     .   (no cloak)
rCorr   .          Rampage  .   (no gloves)
Will    .....                   (no boots)
Stlth   +.........              (no amulet)
HPRegen 0.04/turn               (no ring)
MPRegen 0.08/turn               (no ring)

@: no status effects
A: sickness immunity, AC +2, negative energy resistance 1, electricity
resistance, torment resistance 1, petrification resistance
a: no special abilities


You were on level 1 of the Dungeon.
You visited 1 branch of the dungeon, and saw 1 of its levels.

Inventory:

Hand Weapons
 a - a +0 club (weapon)
Armour
 c - a +0 leather armour (worn)
 d - a +2 buckler (worn)
Scrolls
 b - a scroll of teleportation


   Skills:
 + Level 1.1 Fighting
 + Level 1.1 Armour
 + Level 5.5 Shields
 + Level 1.0 Spellcasting
 + Level 1.7 Hexes


You had one spell level left.
You knew the following spells:

 Your Spells              Type           Power      Damage    Failure   Level
a - Slow                  Hex            16%        N/A       24%         1

Your spell library contained the following spells:

 Spells                   Type           Power      Damage    Failure   Level
 Portal Projectile        Hex/Tloc       4%         N/A       71%         3


Dungeon Overview and Level Annotations

Branches:
Dungeon (1/15)

Altars:


Innate Abilities, Weirdness & Mutations

You are immune to sickness and miasma.
Your stone body is resilient. (AC +2)
You are immune to poison.
You resist negative energy. (rN+)
You are resistant to electric shocks. (rElec)
You are resistant to unholy torment.
You are immune to petrification.


Message History

You block the quokka's attack. The quokka closely misses you.
You closely miss the quokka.
The quokka is severely wounded.
The quokka twitches its whiskers.
The quokka bites you. You block the quokka's attack.
You hit the quokka.
You kill the quokka!
No target in view!
No target in view!
No target in view!
You start resting.
HP restored.
Found a stone staircase leading down.
Found 19 arrows.
As you open the door, it creaks loudly!
A gnoll comes into view. It is wielding a +0 spear.
The gnoll shouts!
You hear a shout!
A gnoll is nearby!
A gnoll is nearby!
The gnoll hits you from afar with a +0 spear.
A goblin comes into view. It is wielding a +0 dagger. x2
There is an open door here.
There are monsters nearby!
The goblin shouts!
The gnoll barely misses you.
You barely miss the gnoll. The gnoll barely misses you.
You hit the gnoll but do no damage. You block the gnoll's attack.
The gnoll hits you with a +0 spear.
You are too injured to fight recklessly!
You are too injured to fight recklessly!
You block the gnoll's attack.
There is an open door here.
You aren't carrying any potions.
You aren't carrying any potions.
The gnoll barely misses you.
You closely miss the gnoll. You block the gnoll's attack.
You hit the gnoll but do no damage. The gnoll hits you with a +0 spear.
* * * LOW HITPOINT WARNING * * *
You hit the gnoll but do no damage. The gnoll hits you with a +0 spear.
You die...

#.# #..#.#######. #.#
#(#.......... #.# #..#.#######.
#.#####...## #..........#
##########.##...##
#..........###.## #.##########
#.# #.# #@# #.# ##g## #.# #gg.#
#.#### #.....# #.##.##
#.......# #####
#.#...####.........# ##...#
###........+........####..<.##
........####........##.......##
###.##..# ##.......##....##..##


You could see a gnoll and 2 goblins.

Vanquished Creatures
  A quokka (D:1)
1 creature vanquished.

Notes
Turn   | Place    | Note
-------+----------+-------------------------------------------
     0 | D:1      | zeram the Gargoyle Wanderer began the quest for the Orb.
     0 | D:1      | zeram set off with the following items: a +0 club, a scroll
                  | of teleportation, a +0 leather armour, a +2 buckler; and
                  | the following spell memorised: Slow; and the following
                  | spells available to memorise: Portal Projectile
     0 | D:1      | Reached XP level 1. HP: 12/12 MP: 2/2
   247 | D:1      | Slain by a gnoll

Illustrated notes

Levels and vault maps discovered:
D:1:      dpeg_arrival_round_c, layout_loops_corners, minmay_surrounded

Action                   || total
-------------------------++-------
Melee: Club              ||    12
Armor: Leather armour    ||     1
Dodge: Dodged            ||     5
Block: Buckler           ||     9
